 Dungeon Crawl Stone Soup version 0.28-a0-769-g550dbda0cd (webtiles) character file.

Game seed: 4646687689198375703

401 mandarbmax the Digger (level 6, -1/36 HPs)
             Began as an Octopode Earth Elementalist on Oct 31, 2021.
             Slain by a gnoll (10 damage)
             ... on level 4 of the Dungeon.
             The game lasted 00:11:54 (4210 turns).

mandarbmax the Digger (Octopode Earth Elementalist) Turns: 4210, Time: 00:11:55

Health: -1/36      AC:  1    Str:  7    XL:     6   Next: 85%
Magic:  0/11       EV: 13    Int: 20    God:
Gold:   168        SH:  0    Dex: 12    Spells: 7/12 levels left

rFire   . . .      SeeInvis .   l - +0 dagger
rCold   . . .      Faith    .   (no shield)
rNeg    . . .      Spirit   .   (helmet restricted)
rPois   .          Reflect  .   h - amulet of regeneration
rElec   .          Harm     .   (no ring)
rCorr   .          Rampage  .   (no ring)
Will    .....                   (no ring)
Stlth   +++.......              (no ring)
HPRegen 1.12/turn               (no ring)
MPRegen 0.12/turn               (no ring)
                                (no ring)
                                (no ring)

@: no status effects
A: almost no armour, amphibious, 8 rings, camouflage 1, gelatinous body 1,
(nimble swimmer 1), tentacles
a: no special abilities


You were on level 4 of the Dungeon.
You visited 1 branch of the dungeon, and saw 4 of its levels.

You collected 168 gold pieces.

Inventory:

Hand Weapons
 l - a +0 dagger (weapon)
 m - a +5 triple crossbow of freezing
Missiles
 b - 96 stones
 n - 3 atropa-tipped darts (quivered)
Jewellery
 a - a ring of fire
 h - an amulet of regeneration (around mantle)
Scrolls
 c - 2 scrolls of immolation {unknown}
 d - 5 scrolls of identify {unknown}
 g - a scroll of noise {unknown}
 i - a scroll of enchant armour {unknown}
 k - a scroll of enchant weapon {unknown}
 o - a scroll of teleportation {unknown}
Potions
 e - a potion of haste {unknown}
 f - a potion of heal wounds {unknown}
 j - a potion of might {unknown}


   Skills:
 - Level 2.0 Dodging
 - Level 2.6 Stealth
 + Level 3.9 Spellcasting
 - Level 1.0 Transmutations
 + Level 6.4 Earth Magic


You had 7 spell levels left.
You knew the following spells:

 Your Spells              Type           Power      Damage    Failure   Level
a - Sandblast             Erth           58%        2d13      1%          1
b - Stone Arrow           Conj/Erth      32%        3d9       11%         3
c - Foxfire               Conj/Fire      12%        2x1d4     13%         1

Your spell library contained the following spells:

 Spells                   Type           Power      Damage    Failure   Level
 Passwall                 Tmut/Erth      15%        N/A       4%          2
 Slow                     Hex            12%        N/A       13%         1
 Petrify                  Tmut/Erth      18%        N/A       28%         4
 Confusing Touch          Hex            3%         N/A       36%         3
 Conjure Flame            Conj/Fire      3%         6-21      36%         3
 Inner Flame              Hex/Fire       3%         N/A       36%         3
 Vampiric Draining        Necr           1%         2d6       36%         3
 Flame Wave               Conj/Fire      3%         3d3       78%         4


Dungeon Overview and Level Annotations

Branches:
Dungeon (4/15)
 Temple: D:4-7

Altars:
Xom


Innate Abilities, Weirdness & Mutations

You cannot wear most types of armour.
You are amphibious.
You can wear up to eight rings at the same time.
Your skin changes colour to match your surroundings (Stealth+).
Your rubbery body absorbs attacks. (AC +1, EV +1)
((You are camouflaged near water. (Stealth+)))
You have tentacles for arms and can constrict up to eight enemies at once.


Message History

You constrict the gnoll.
You kill the gnoll!
The hobgoblin closely misses you. The gnoll completely misses you.
Your life force feels restored.
Throw: 4 darts (atropa)
Press: ? - help, Q - select action, (/) - cycle Shift-Dir - straight line, f - gnoll
Aim: a gnoll, wielding a +0 spear (60% to hit, chance to blind on hit: 100%)
You throw an atropa-tipped dart. The atropa-tipped dart hits the gnoll.
The gnoll appears confused.
You constrict the hobgoblin. The hobgoblin closely misses you.
Unknown command.
You hit the gnoll. You grab the gnoll.
The gnoll is moderately wounded.
You constrict the hobgoblin.
You kill the hobgoblin!
You constrict the gnoll, but do no damage.
The gnoll seems less confused.
An adder skeleton comes into view.
The gnoll misses you.
You barely miss the gnoll. You grab the gnoll. You constrict the gnoll. x2
The gnoll hits you with a +0 club. The gnoll barely misses you.
Unknown command.
You barely miss the gnoll.
The gnoll is moderately wounded.
You constrict the gnoll. x2; The gnoll hits you but does no damage.
The gnoll closely misses you.
Unknown command.
Casting: Stone Arrow (quite dangerous; 11% risk of failure)
Confirm with . or Enter, or press ? or * to list all spells.
Aiming: Sandblast (safe; 1% risk of failure)
Press: ? - help, Shift-Dir - straight line, f - adder skeleton, p - gnoll
Aim: an adder skeleton (86% to hit)
The blast of sand hits the adder skeleton!
You destroy the adder skeleton!
b - 96 stones You constrict the gnoll. x2; The gnoll is no longer blind.
The gnoll hits you with a +0 club!
* * * LOW HITPOINT WARNING * * *
The gnoll hits you with a +0 spear!
You die...

#. .. #.#.. ...
... #.# ## #.#
.. #)# .#
######.###..#.##
#....).@g(......
#.#####†g####.##
##.# ... ##..
..# .#. #...


You could see 2 gnolls.

Vanquished Creatures
  Sigmund (D:3)
  A hound (D:4)
  An orc wizard (D:4)
  A hound skeleton (D:3)
  5 adders
  2 gnolls (D:4)
  An adder skeleton (D:4)
  5 worms
  2 dart slugs (D:1)
  9 orcs
  9 bats
  9 endoplasms
  A giant cockroach (D:3)
  5 goblins
  10 hobgoblins
  3 jackals
  6 quokkas
  11 ball pythons
  2 frilled lizards
  3 kobolds
  4 rats
91 creatures vanquished.

Vanquished Creatures (others)
  A rat (D:3)
  2 foxfires (D:3)
  3 withered plants (D:1)
6 creatures vanquished.

Grand Total: 97 creatures vanquished

Notes
Turn   | Place    | Note
-------+----------+-------------------------------------------
     0 | D:1      | mandarbmax the Octopode Earth Elementalist began the quest
                  | for the Orb.
     0 | D:1      | Reached XP level 1. HP: 11/11 MP: 3/3
   317 | D:1      | Reached XP level 2. HP: 17/17 MP: 1/5
   732 | D:1      | Found a faded altar of an unknown god.
  1105 | D:1      | Reached skill level 4 in Earth Magic
  1175 | D:1      | Reached XP level 3. HP: 21/21 MP: 4/6
  1508 | D:1      | Learned a level 3 spell: Stone Arrow
  2385 | D:2      | Reached XP level 4. HP: 18/27 MP: 7/7
  2857 | D:3      | Found a shimmering altar of Xom.
  2899 | D:3      | Reached skill level 5 in Earth Magic
  3297 | D:3      | Reached XP level 5. HP: 22/31 MP: 3/8
  3874 | D:3      | Noticed Sigmund
  3878 | D:3      | Learned a level 1 spell: Foxfire
  3903 | D:3      | Killed Sigmund
  3904 | D:3      | Reached skill level 6 in Earth Magic
  3904 | D:3      | Reached XP level 6. HP: 28/36 MP: 1/11
  4210 | D:4      | Slain by a gnoll

Illustrated notes

Levels and vault maps discovered:
D:1:      minmay_arrival_widening_spiral_narrow, layout_loops_ring,
          shapermc_ecumenical_altar_flowoftime
D:2:      layout_basic
D:3:      minmay_octagon_keep, layout_loops_ring, xom_confusion_cloud,
          uniq_sigmund
D:4:      layout_loops_cross, moated_statue, minivault_26,
          kennysheep_generic_room_11

Skill      XL: |  1  2  3  4  5 |
---------------+----------------+-----
Earth Magic    | 4 5 6 |  6.4
Spellcasting   | 3 |  3.9
Dodging        | |  2.0
Stealth        | |  2.6
Transmutations | |  1.0

Action                   |  1- 3 |  4- 6 || total
-------------------------+-------+-------++-------
Melee: Unarmed           |    87 |    71 ||   158
       Constrict         |    14 |    26 ||    40
       Tentacles         |    17 |    16 ||    33
       Dagger            |       |    33 ||    33
Throw: Dart              |       |     5 ||     5
 Cast: Sandblast         |    24 |    24 ||    48
       Stone Arrow       |     7 |    19 ||    26
       Foxfire           |       |     2 ||     2
 Stab: Sleeping          |     3 |     5 ||     8
Armor: Skin              |    12 |    12 ||    24
Dodge: Dodged            |    72 |    71 ||   143

Table legend: (Time is in decaauts)
 A = Elapsed time spent in this place.
 B = Non-inter-level travel time spent in this place.
 C = Inter-level travel time spent in this place.
 D = Time resting spent in this place.
 E = Time spent auto-exploring this place.
 F = Levels seen in this place.
 G = Mean time per level.
                   A        B        C        D        E       F      G
               +--------+--------+--------+--------+--------+-----+--------+
         Total |   4208 |   4141 |     67 |    408 |   3023 |   4 | 1052.0 |
       Dungeon |   4208 |   4141 |     67 |    408 |   3023 |   4 | 1052.0 |
               +--------+--------+--------+--------+--------+-----+--------+

Top non-repeatable levels by time:
     D:1: 1718 daAuts
     D:3: 1441 daAuts
     D:2: 1022 daAuts
     D:4: 26 daAuts
